 Dungeon Crawl Stone Soup version 0.20-a0-871-g785f14b (webtiles) character file.

43 FrozenPanda the Grasshopper (level 3, 0/27 HPs)
             Began as a Demonspawn Warper on Mar 14, 2017.
             Slain by an adder (1 damage)
             ... on level 2 of the Dungeon.
             The game lasted 00:03:44 (2243 turns).

FrozenPanda the Grasshopper (Demonspawn Warper)     Turns: 2243, Time: 00:03:45

Health: 0/27       AC:  5    Str: 11 (12) XL:     3   Next: 37%
Magic:  6/6        EV: 11    Int: 12 (14) God:
Gold:   131        SH:  0    Dex:  9 (10) Spells: 4/6 levels left

rFire    + . .     SeeInvis .     - Unarmed
rCold    + . .     Gourm    .   a - +0 leather armour
rNeg     . . .     Faith    .   (no shield)
rPois    +         Spirit   .   (no helmet)
rElec    +         Reflect  .   (no cloak)
rCorr    +         Harm     .   (no gloves)
MR       .....                  (no boots)
Stlth    +.........             (no amulet)
Regen    0.1/turn               (no ring)
MPRegen  0.1/turn               (no ring)

@: lethally poisoned (0 -> -3), resistant
A: hooves 1, molten scales 1, clumsy 1, mutation resistance 1
a: no special abilities


You were on level 2 of the Dungeon.
You were not hungry.

You visited 1 branch of the dungeon, and saw 2 of its levels.

You collected 131 gold pieces.

Inventory:

Hand Weapons
 h - a +1 whip of electrocution
Missiles
 d - 5 tomahawks of dispersal (quivered)
Armour
 a - a +0 leather armour (worn)
Scrolls
 c - a scroll of blinking
 e - 2 scrolls of identify {unknown}
 j - a scroll of teleportation {unknown}
 k - a scroll of random uselessness {unknown}
Books
 b - a book of Spatial Translocations

   Spells                             Type                      Level
   a - Blink                          Translocation                2
   b - Shroud of Golubria             Charms/Translocation         2
   c - Lesser Beckoning               Translocation                3
   d - Gell's Gravitas                Translocation                3
   e - Teleport Other                 Translocation                3
   f - Passage of Golubria            Translocation                4
Comestibles
 f - 3 bread rations
 g - a meat ration


   Skills:
 + Level 2.2 Fighting
 - Level 0.8 Throwing
 - Level 0.8 Armour
 + Level 2.1 Dodging
 + Level 1.5 Stealth
 + Level 2.2 Unarmed Combat
 + Level 2.2 Spellcasting
 + Level 2.6 Translocations


You had 4 spell levels left.
You knew the following spells:

 Your Spells              Type           Power        Failure   Level  Hunger
b - Blink                 Tloc           N/A          21%         2    ###....


Dungeon Overview and Level Annotations

Branches:
Dungeon (2/15)

Altars:


Innate Abilities, Weirdness & Mutations

You have large cloven feet.
You are partially covered in molten scales. (AC +2)
You are clumsy. (Dex -2)
You are somewhat resistant to further mutation.


Message History

The adder poisons you!
You miss the adder. Your kick misses the adder.
The adder is heavily wounded.
You feel sick. The adder bites you but does no damage.
You barely miss the adder. Your kick misses the adder.
The adder is heavily wounded.
The adder barely misses you.
You closely miss the adder.
The adder is heavily wounded.
The adder closely misses you.
You closely miss the adder. Your kick misses the adder.
The adder is heavily wounded.
You feel sick. The adder bites you.
* * * LOW HITPOINT WARNING * * *
The adder bites you.
* * * LOW HITPOINT WARNING * * *
You miss the adder.
The adder is heavily wounded.
The adder bites you.
You die...

### .. ## .. ...
.###.# .....#
#######.....#
#.........#
#....S@...#
##....)....#
#..........#
#.##.####+##
...#.......###
.....#.........#
....#.#.(.......#
....#.#.........#
......#.......###


You could see an adder.

Vanquished Creatures
  An ooze (D:1)
  A dart slug (D:2)
  A leopard gecko (D:1)
  6 goblins
  7 hobgoblins (D:1)
  A quokka (D:2)
  4 bats (D:1)
  A frilled lizard (D:1)
  4 kobolds (D:1)
  7 rats
33 creatures vanquished.

Notes
Turn   | Place    | Note
-------+----------+-------------------------------------------
     0 | D:1      | FrozenPanda the Demonspawn Warper began the quest for the Orb.
     0 | D:1      | Reached XP level 1. HP: 16/16 MP: 3/3
   446 | D:1      | Reached skill level 1 in Stealth
   492 | D:1      | Gained mutation: You are partially covered in molten scales. (AC +2) [demonic ancestry]
   492 | D:1      | Reached XP level 2. HP: 22/22 MP: 5/5
  1222 | D:1      | Gained mutation: You are clumsy. (Dex -2) [potion of mutation]
  1222 | D:1      | Gained mutation: You are somewhat resistant to further mutation. [potion of mutation]
  1358 | D:1      | Gained mutation: You have large cloven feet. [demonic ancestry]
  1358 | D:1      | Reached XP level 3. HP: 17/27 MP: 6/6
  1899 | D:1      | Learned a level 2 spell: Blink
  2242 | D:2      | HP: 1/27 [adder (3)]
  2243 | D:2      | Slain by an adder

Vault maps used:
D:1:      mainiacjoe_arrival_reflecting_pool, serial_forest,
          infiniplex_forest_zigzag_1, infiniplex_forest_straight_2,
          infiniplex_forest_lined_room_, infiniplex_forest_straight_1,
          infiniplex_forest_lined_2, infiniplex_forest_end_2,
          minmay_pentomino_u4
D:2:      first_bread, uniq_terence

Skill      XL: |  1  2 |
---------------+-------+-----
Stealth        | 1 |  1.5
Unarmed Combat | 2 |  2.2
Dodging        | 2 |  2.1
Fighting       | |  2.2
Throwing       | |  0.8
Armour         | |  0.8
Spellcasting   | |  2.2
Translocations | |  2.6

Action                   || total
-------------------------++-------
Melee: Unarmed           ||   167
       Punch             ||     5
       Kick              ||     5
  Use: Potion            ||     6
 Stab: Sleeping          ||     3
       Distracted        ||     1
  Eat: Chunk             ||     4
Armor: Leather armour    ||    58
       Skin              ||     1
Dodge: Dodged            ||   113
